Map: Kairos Junction LE

Players

puCK (Nina)

  • Race: Protoss Protoss
  • League: Grandmaster
  • Spawn Location: 11:00

Neeb - Winner!

  • Race: Protoss Protoss
  • League: Grandmaster
  • Spawn Location: 5:00

Event: 2019 WCS Winter Americas

VOD

Have the link to the VOD?

Description

Time

  • Played on: Feb. 16, 2019, 1:51 p.m.
  • Length: 14:29

All games in this series

Show
View Real Time Build Order
Export as new Build Order

puCK Protoss 

Build Orders:  

Get SALT Encoding   

  12  0:00  Probe  
  13  0:12  Probe  
  14  0:18  Pylon  
  14  0:24  Probe  
  15  0:32  Probe  
  15  0:38  Gateway  
  15  0:40  Probe  
  16  0:49  Assimilator  
  17  0:51  Probe  
  17  0:55  Assimilator  
  18  0:59  Probe  
  19  1:07  Probe, Gateway  
  20  1:17  Probe  
  21  1:26  Cybernetics Core  
  21  1:29  Probe  
  22  1:34  Pylon  
  22  1:41  Probe  
  23  1:55  Probe  
  24  2:02  Stalker, Sentry  
  24  2:04  Warp Gate  
  24  2:08  Probe  
  29  2:11  Pylon  
  29  2:26  Probe  
  29  2:34  Stalker x2  
  33  2:52  Nexus  
  33  2:57  Probe  
  34  2:59  Stalker x2  
  34  3:06  Robotics Facility  
  34  3:16  Sentry  
  34  3:17  Stalker  
  34  3:19  Probe  
  39  3:29  Pylon  
  39  3:48  Gateway  
  39  3:53  Warp Prism  
  37  3:59  Stalker x2  
  43  4:10  Probe  
  43  4:12  Probe  
  45  4:22  Sentry x2, Probe  
  50  4:25  Probe  
  50  4:31  Shield Battery  
  51  4:34  Probe  
  51  4:35  Probe  
  51  4:38  Observer  
  54  4:44  Probe  
  54  4:46  Pylon  
  54  4:47  Probe  
  54  4:51  Sentry  
  58  4:55  Stalker, Probe  
  58  4:59  Probe  
  62  5:06  Pylon  
  62  5:13  Stalker  
  64  5:15  Stalker  
  64  5:16  Stalker  
  63  5:26  Probe  
  63  5:28  Probe  
  63  5:34  Probe  
  63  5:36  Adept x2  
  63  5:39  Adept  
  63  5:40  Probe  
  63  5:42  Probe  
  72  5:53  Probe  
  73  6:01  Probe  
  73  6:02  Adept x2  
  78  6:08  Pylon  
  78  6:10  Robotics Bay, Pylon  
  76  6:13  Probe  
  76  6:15  Probe  
  78  6:23  Observer  
  78  6:24  Probe  
  78  6:25  Assimilator, Probe  
  78  6:27  Assimilator  
  78  6:30  Sentry  
  82  6:34  Stalker  
  84  6:43  Probe x2  
  85  6:48  Disruptor  
  86  6:55  Probe, Pylon  
  86  6:56  Probe  
  86  6:57  Pylon  
  91  7:03  Zealot  
  91  7:07  Probe, Pylon  
  94  7:09  Pylon  
  94  7:10  Gateway  
  94  7:14  Colossus  
  94  7:15  Twilight Council  
  94  7:21  Probe  
  93  7:26  Observer  
  99  7:33  Probe  
  100  7:42  Forge  
  100  7:45  Gateway  
  100  7:48  Gateway  
  100  7:51  Zealot x3  
  100  7:56  Charge  
  106  8:12  Templar Archives  
  106  8:13  Protoss Ground Weapons Level 1  
  106  8:16  Zealot x4  
  114  8:31  Pylon  
  113  8:39  Zealot x3  
  113  8:40  Zealot  
  121  8:47  Shield Battery  
  121  8:56  High Templar x2  
  121  8:59  High Templar x2  
  121  9:01  Zealot x2  
  121  9:02  Archon  
  132  9:04  Archon  
  132  9:08  Nexus  
  132  9:15  Colossus x2  
  132  9:21  Probe  
  133  9:25  Pylon  
  133  9:27  Pylon  
  133  9:31  Disruptor x2  
  133  9:35  Robotics Facility  
  133  9:43  Probe  
  133  9:45  Disruptor  
  135  9:51  High Templar x2  
  139  9:52  Shield Battery  
  139  9:54  Shield Battery  
  139  9:59  Archon  
  139  10:02  Zealot x3  
  139  10:04  Archon  
  140  10:17  Photon Cannon  
  140  10:19  Disruptor  
  140  10:20  Pylon x2  
  140  10:25  Blink  
  143  10:29  Stalker x2  
  143  10:30  Stalker x2  
  143  10:35  Disruptor  
  148  10:38  Probe x2  
  148  10:42  Probe  
  154  10:50  Probe  
  154  10:53  Probe  
  154  10:55  Probe, Shield Battery  
  157  11:01  Disruptor  
  158  11:05  Probe  
  158  11:08  Probe x2  
  161  11:13  Disruptor  
  161  11:18  Probe  
  165  11:20  Probe x2  
  167  11:30  Probe  
  167  11:32  Zealot x2  
  172  11:34  Pylon  
  175  11:55  Assimilator, High Templar x2  
  175  11:57  Assimilator  
  175  12:00  Archon  
  175  12:01  Immortal  
  180  12:04  Pylon  
  180  12:05  Pylon  
  180  12:07  Photon Cannon  
  180  12:12  Photon Cannon  
  180  12:14  Photon Cannon  
  180  12:20  Immortal  
  180  12:22  Gateway  
  184  12:23  Gateway  
  184  12:24  Probe x2  
  186  12:30  Zealot x4  
  194  12:43  Photon Cannon, Warp Prism  
  196  12:58  Observer  
  196  13:00  Nexus  
  195  13:13  Zealot  
  193  13:32  Photon Cannon  
  193  13:33  Disruptor  
  181  13:36  Photon Cannon  
  181  13:38  Photon Cannon  
  181  13:39  Photon Cannon  
  181  13:40  Photon Cannon x2  
Show
View Real Time Build Order
Export as new Build Order

Neeb Protoss - Winner!

Build Orders: Oracle Opening, Phoenix Opening 

Get SALT Encoding   

  12  0:00  Probe  
  13  0:12  Probe  
  14  0:17  Pylon  
  14  0:24  Probe  
  15  0:32  Probe  
  15  0:39  Gateway  
  15  0:40  Probe  
  16  0:47  Assimilator  
  17  0:51  Probe  
  17  0:55  Assimilator  
  18  0:59  Probe  
  19  1:07  Probe  
  19  1:08  Gateway  
  19  1:17  Probe  
  21  1:26  Cybernetics Core  
  21  1:29  Probe  
  22  1:35  Pylon  
  22  1:41  Probe  
  23  1:53  Probe  
  24  2:03  Stalker  
  24  2:04  Sentry, Warp Gate  
  24  2:05  Probe  
  29  2:12  Pylon  
  29  2:18  Probe  
  30  2:34  Stargate  
  30  2:36  Phoenix  
  30  2:44  Nexus  
  30  2:51  Stalker  
  32  2:56  Probe  
  33  3:08  Probe  
  33  3:11  Oracle  
  36  3:15  Pylon  
  36  3:20  Probe  
  38  3:33  Probe  
  38  3:34  Pylon  
  38  3:48  Oracle  
  38  3:54  Stalker  
  41  4:00  Shield Battery  
  39  4:03  Stalker  
  39  4:07  Probe  
  42  4:10  Probe  
  42  4:15  Stalker, Probe  
  45  4:22  Probe  
  45  4:24  Probe  
  48  4:34  Probe, Robotics Facility  
  48  4:37  Probe  
  50  4:42  Adept x2  
  54  4:46  Probe  
  54  4:49  Probe  
  56  4:57  Shield Battery  
  56  4:59  Shield Battery  
  56  5:02  Stalker, Sentry  
  60  5:12  Probe x2  
  62  5:26  Stalker x2  
  66  5:29  Probe x2  
  66  5:35  Pylon  
  68  5:36  Pylon  
  68  5:41  Immortal  
  68  5:53  Pylon  
  68  5:54  Stalker, Pylon  
  68  5:56  Probe x2  
  76  5:57  Gateway  
  72  6:05  Pylon  
  72  6:09  Assimilator  
  72  6:10  Assimilator  
  72  6:11  Probe  
  74  6:15  Warp Prism  
  74  6:20  Gateway  
  74  6:21  Gateway  
  74  6:24  Twilight Council  
  74  6:25  Sentry  
  77  6:34  Probe x2  
  78  6:47  Immortal  
  78  6:54  Sentry x2  
  80  7:00  Gateway  
  80  7:01  Gateway  
  84  7:02  Pylon  
  84  7:15  Charge  
  84  7:26  Immortal  
  84  7:29  Forge  
  88  7:36  Gateway  
  88  7:39  Gateway  
  88  7:40  Nexus  
  88  7:41  Pylon  
  88  7:42  Templar Archives  
  86  7:59  Observer  
  86  8:00  Zealot x6  
  99  8:15  Stargate  
  99  8:22  Zealot x3, Stargate  
  105  8:33  Zealot x4  
  113  8:45  Pylon  
  113  8:48  Pylon  
  113  8:51  High Templar  
  113  8:52  High Templar  
  117  8:56  Archon  
  117  9:00  Phoenix x2  
  117  9:03  Pylon  
  121  9:19  Zealot  
  121  9:20  Zealot x5  
  121  9:21  Phoenix  
  135  9:24  Phoenix  
  135  9:26  Phoenix  
  139  9:47  Zealot  
  139  9:49  Nexus  
  139  9:51  Pylon  
  141  10:13  Protoss Ground Weapons Level 1  
  141  10:14  Zealot x2, High Templar x2  
  143  10:19  Archon  
  149  10:37  Probe  
  149  10:40  Pylon  
  149  10:41  Pylon  
  150  10:44  Pylon  
  150  10:58  Phoenix x2, Probe  
  147  11:07  Phoenix  
  149  11:13  Assimilator  
  149  11:14  Assimilator  
  149  11:18  Immortal  
  149  11:20  High Templar x2  
  149  11:21  Zealot x5  
  149  11:23  Pylon  
  149  11:25  Archon  
  167  11:33  Probe x3  
  170  11:42  Phoenix x3  
  170  11:45  Probe x2  
  178  11:58  Robotics Bay, Robotics Facility  
  178  12:00  Immortal  
  182  12:18  Nexus  
  182  12:41  Disruptor x2  
  176  12:58  Pylon  
  176  13:01  Assimilator  
  176  13:04  Assimilator  
  176  13:16  Disruptor x2  
  182  13:25  Zealot x5  
  182  13:26  Zealot x3  
  193  13:45  Zealot  
  193  13:46  Zealot x5  
Tags
 
Add a new tag
Caveats
  • Supply blocks, unpowered buildings, or Contaminate may cause inaccurate times.
  • Supply counts are checked every 10 seconds.